 Dungeon Crawl Stone Soup version 0.25.1-8-g42b30a86e7 (webtiles) character file.

Game seed: 7872653384929493879

167 leafyfresh the Magician (level 5, -5/37 HPs)
             Began as a Gnoll Wizard on Dec 20, 2020.
             Killed from afar by an orc wizard (9 damage)
             ... with a puff of flame
             ... on level 3 of the Dungeon.
             The game lasted 00:07:25 (3374 turns).

leafyfresh the Magician (Gnoll Wizard)              Turns: 3374, Time: 00:07:26

Health: -5/37      AC:  3    Str:  9    XL:     5   Next: 48%
Magic:  2/14       EV: 14    Int: 21    God:
Gold:   161        SH:  0    Dex: 14    Spells: 9/18 levels left

rFire    . . .     SeeInvis .   g - +0 whip
rCold    . . .     Gourm    .   (no shield)
rNeg     . . .     Faith    .   a - +0 robe
rPois    .         Spirit   .   f - +0 helmet
rElec    .         Reflect  .   (no cloak)
rCorr    .         Harm     .   (no gloves)
MR       .....                  (no boots)
Stlth    +++.......             (no amulet)
HPRegen  0.12/turn              (no ring)
MPRegen  0.14/turn              (no ring)

@: no status effects
A: distributed training, fangs 1, strong nose
a: no special abilities


You were on level 3 of the Dungeon.
You were very hungry.

You visited 1 branch of the dungeon, and saw 3 of its levels.

You collected 161 gold pieces.

Inventory:

Hand Weapons
 g - a +0 whip (weapon)
Armour
 a - a +0 robe (worn)
 f - a +0 helmet (worn)
Scrolls
 c - a scroll of teleportation
 h - a scroll of enchant armour
 i - a scroll of random uselessness
 k - 4 scrolls of remove curse
 l - a scroll of fog
 o - a scroll of fear {unknown}
 p - a scroll of amnesia
Potions
 e - a potion of berserk rage {unknown}
 m - a potion of resistance {unknown}
Comestibles
 d - 5 rations


   Skills:
 + Level 1.4 Fighting
 + Level 1.4 Short Blades
 + Level 1.4 Long Blades
 + Level 1.4 Axes
 + Level 1.4 Maces & Flails
 + Level 1.4 Polearms
 + Level 1.4 Staves
 + Level 1.4 Slings
 + Level 1.4 Bows
 + Level 1.4 Crossbows
 + Level 1.4 Throwing
 + Level 1.4 Armour
 + Level 4.8 Dodging
 + Level 4.4 Stealth
 + Level 1.4 Shields
 + Level 1.4 Unarmed Combat
 + Level 7.3 Spellcasting
 + Level 2.4 Conjurations
 + Level 1.1 Hexes
 + Level 1.1 Charms
 + Level 2.4 Summonings
 + Level 1.1 Necromancy
 + Level 2.4 Translocations
 + Level 1.1 Transmutations
 + Level 1.1 Fire Magic
 + Level 1.1 Ice Magic
 + Level 1.1 Air Magic
 + Level 1.1 Earth Magic
 + Level 1.1 Poison Magic
 + Level 1.6 Invocations
 + Level 1.4 Evocations


You had 9 spell levels left.
You knew the following spells:

 Your Spells              Type           Power        Failure   Level  Hunger
a - Magic Dart            Conj           ###.         3%          1    None
b - Mephitic Cloud        Conj/Pois/Air  ##......     13%         3    None
c - Conjure Flame         Conj/Fire      ###.....     12%         3    None
d - Blink                 Tloc           N/A          4%          2    None

Your spell library contained the following spells:

 Spells                   Type           Power        Failure   Level  Hunger
 Call Imp                 Summ           ###.....     4%          2    None
 Slow                     Hex            ##......     8%          2    None


Dungeon Overview and Level Annotations

Branches:
Dungeon (3/15)

Altars:
Sif Muna
Vehumet
The Shining One

Annotations:
D:3 2 transporters


Innate Abilities, Weirdness & Mutations

Your experience applies equally to all skills.
You have very sharp teeth.
Your uncanny sense of smell can sniff out nearby items.


Message History

You hit something but do no damage. Something hits you but does no damage.
You hit something but do no damage.
You hear some strange, mumbled words.
A magic dart appears from out of thin air!
The magic dart hits you!
* * * LOW HITPOINT WARNING * * *
You miss something. You bite something. Something hits you.
* * * LOW HITPOINT WARNING * * *
You barely miss something.
You hear some strange, mumbled words.
A puff of flame appears from out of thin air!
The puff of flame misses you.
Casting: Magic Dart (safe; 3% risk of failure)
Confirm with . or Enter, or press ? or * to list all spells.
Okay, then.
You barely miss something. Your bite misses something.
You hear some strange, mumbled words.
A puff of flame appears from out of thin air!
The puff of flame hits you!
You die...

##.....................(....#...#
##.#..)...................#.#...#
##.#...........................##
.....................(..........#
.........................(......#
##..........................#.###
##.....###.....#######.#..###)#
##.#...####..#..## #.#......#
.#.#....####..#.@#####.#..)######
...#.....# ##.##{)..##....#####..
#....#...# #.#...>......##.....#
##.#..#..# #...##...#...#..##...
##.#...#.####..###.#.##....###.##
.....©.....###(....#..#........##
.#########.....>...##........#...
##8.....8##.<....................
#........5#{...............#...#.


There were no monsters in sight!

Vanquished Creatures
  An orc priest (D:3)
  6 adders
  4 worms
  2 dart slugs
  2 leopard geckos
  3 orcs
  10 bats
  2 giant cockroaches
  10 hobgoblins
  A quokka (D:2)
  A ball python (D:3)
  4 frilled lizards
  8 goblins
  5 kobolds
  A quokka zombie (D:3)
  9 rats
69 creatures vanquished.

Notes
Turn   | Place    | Note
-------+----------+-------------------------------------------
     0 | D:1      | leafyfresh the Gnoll Wizard began the quest for the Orb.
     0 | D:1      | Reached XP level 1. HP: 13/13 MP: 8/8
   189 | D:1      | Reached XP level 2. HP: 18/19 MP: 8/10
   791 | D:1      | Reached XP level 3. HP: 25/25 MP: 11/11
  1134 | D:2      | Reached skill level 1 in Invocations
  1198 | D:2      | Found a faded altar of an unknown god.
  1270 | D:2      | Learned a level 3 spell: Mephitic Cloud
  1274 | D:2      | Learned a level 3 spell: Conjure Flame
  1277 | D:2      | Learned a level 2 spell: Blink
  1505 | D:2      | Reached skill level 1 in Fighting
  1505 | D:2      | Reached skill level 1 in Short Blades
  1505 | D:2      | Reached skill level 1 in Long Blades
  1505 | D:2      | Reached skill level 1 in Axes
  1505 | D:2      | Reached skill level 1 in Maces & Flails
  1505 | D:2      | Reached skill level 1 in Polearms
  1505 | D:2      | Reached skill level 1 in Staves
  1505 | D:2      | Reached skill level 1 in Slings
  1505 | D:2      | Reached skill level 1 in Bows
  1505 | D:2      | Reached skill level 1 in Crossbows
  1505 | D:2      | Reached skill level 1 in Throwing
  1505 | D:2      | Reached skill level 1 in Armour
  1505 | D:2      | Reached skill level 1 in Shields
  1505 | D:2      | Reached skill level 1 in Unarmed Combat
  1505 | D:2      | Reached skill level 1 in Evocations
  1505 | D:2      | Reached XP level 4. HP: 25/32 MP: 3/13
  2225 | D:2      | Reached skill level 1 in Hexes
  2225 | D:2      | Reached skill level 1 in Charms
  2225 | D:2      | Reached skill level 1 in Necromancy
  2225 | D:2      | Reached skill level 1 in Transmutations
  2225 | D:2      | Reached skill level 1 in Fire Magic
  2225 | D:2      | Reached skill level 1 in Ice Magic
  2225 | D:2      | Reached skill level 1 in Air Magic
  2225 | D:2      | Reached skill level 1 in Earth Magic
  2225 | D:2      | Reached skill level 1 in Poison Magic
  2435 | D:3      | Reached XP level 5. HP: 37/37 MP: 4/14
  2638 | D:3      | Found a transporter.
  2639 | D:3      | Found a transporter.
  2639 | D:3      | Noticed a komodo dragon
  2693 | D:3      | Found a glowing golden altar of the Shining One.
  2846 | D:3      | Found a shimmering blue altar of Sif Muna.
  2968 | D:3      | Found a radiant altar of Vehumet.
  3374 | D:3      | Killed from afar by an orc wizard

Illustrated notes

Levels and vault maps discovered:
D:1:      shiori_arrival_maze, layout_basic
D:2:      layout_loops_ring, first_ration, chequers_ecumenical_altar_twisty
D:3:      layout_rooms, gammafunk_temple_overflow_arena, lemuel_blue_sif_altar,
          lemuel_doored_altar, item_on_display_a

Skill      XL: |  1  2  3  4 |
---------------+-------------+-----
Conjurations   | 2 |  2.4
Summonings     | 2 |  2.4
Translocations | 2 |  2.4
Invocations    | 1 |  1.6
Fighting       | 1 |  1.4
Short Blades   | 1 |  1.4
Long Blades    | 1 |  1.4
Axes           | 1 |  1.4
Maces & Flails | 1 |  1.4
Polearms       | 1 |  1.4
Staves         | 1 |  1.4
Slings         | 1 |  1.4
Bows           | 1 |  1.4
Crossbows      | 1 |  1.4
Throwing       | 1 |  1.4
Armour         | 1 |  1.4
Shields        | 1 |  1.4
Unarmed Combat | 1 |  1.4
Evocations     | 1 |  1.4
Hexes          | 1 |  1.1
Charms         | 1 |  1.1
Necromancy     | 1 |  1.1
Transmutations | 1 |  1.1
Fire Magic     | 1 |  1.1
Ice Magic      | 1 |  1.1
Air Magic      | 1 |  1.1
Earth Magic    | 1 |  1.1
Poison Magic   | 1 |  1.1
Dodging        | |  4.8
Stealth        | |  4.4
Spellcasting   | |  7.3

Action                   |  1- 3 |  4- 6 || total
-------------------------+-------+-------++-------
Melee: Unarmed           |    14 |       ||    14
       Whip              |    16 |    12 ||    28
       Bite              |     1 |     2 ||     3
       Rapier            |     1 |    23 ||    24
 Cast: Magic Dart        |    69 |    94 ||   163
       Blink             |       |     3 ||     3
       Mephitic Cloud    |       |     1 ||     1
  Use: Scroll            |     3 |     3 ||     6
 Stab: Sleeping          |     4 |     3 ||     7
  Eat: Chunk             |     2 |     4 ||     6
Armor: Robe              |    23 |     9 ||    32
Dodge: Dodged            |    42 |    52 ||    94
